 Dungeon Crawl Stone Soup version 0.32-a0-18-g89e19f1 (webtiles) character file.

Game seed: 5154516380471614267

3050 Dorkslayer the Grappler (level 9, -1/59 HPs)
             Began as an Octopode Shapeshifter on Jan 16, 2024.
             Was a Follower of Dithmenos.
             Slain by a wyvern (5 damage)
             ... while petrified by a basilisk
             ... on level 9 of the Dungeon.
             The game lasted 00:18:38 (6358 turns).

Dorkslayer the Grappler (Octopode Shapeshifter)     Turns: 6358, Time: 00:18:39

Health: -1/59      AC:  1    Str: 18    XL:     9   Next: 87%
Magic:  9/9        EV:  2    Int: 12    God:    Dithmenos [*.....]
Gold:   29         SH:  0    Dex: 11    Spells: 8/8 levels left

rFire   + .          .
                       - Unarmed
rCold   . . .        (no shield)
rNeg    + + +        (helmet currently unavailable)
rPois   ∞            i - amulet "Mufofaast" {-Tele rF+ Regen+ SInv}
rElec   .            t - ring of resist corrosion
rCorr   +            F - ring of willpower
SInv    +            (no ring)
Will    +....        (no ring)
Stlth   ++++         (no ring)
HPRegen 1.09/turn    (no ring)
MPRegen 0.11/turn    (no ring)
                     (no ring)

%: no teleportation
@: beast-form, petrified, wreathed by umbra, studying Unarmed Combat
A: beast (slay +2), almost no armour, amphibious, 8 rings, camouflage 1,
gelatinous body 1, (nimble swimmer 1), tentacles
a: Begin Untransformation, Renounce Religion


You were on level 9 of the Dungeon.
You worshipped Dithmenos.
Dithmenos was aware of your devotion.
You were a hulking beast.
You visited 2 branches of the dungeon, and saw 10 of its levels.

You collected 468 gold pieces.
You spent 439 gold pieces at shops.

Inventory:

Hand Weapons
 w - a +3 antimagic trident
 y - a +0 flail of venom
 K - the +6 dagger "Ytziweic" {flame, rN+++}
   (You found it on level 8 of the Dungeon)

   rN+++:     It renders you almost immune to negative energy.
Missiles
 l - 17 poisoned darts
 x - 12 boomerangs
Jewellery
 d - an amulet of the acrobat
 h - a ring of fire
 i - the amulet "Mufofaast" (around mantle) {-Tele rF+ Regen+ SInv}
   (You found it on level 5 of the Dungeon)

   [amulet of regeneration]

   rF+:       It protects you from fire.
   SInv:      It lets you see invisible.
   -Tele:     It prevents most forms of teleportation.
   Regen+:    It increases your rate of health regeneration.
 t - a ring of resist corrosion (left tentacle)
 F - a ring of willpower (right tentacle)
Talismans
 b - a beast talisman
 c - a flux talisman
 n - a maw talisman
 z - a flux talisman
Wands
 m - a wand of digging (5)
 D - a wand of mindburst (5)
 J - a wand of flame (10)
 L - a wand of polymorph (7)
Scrolls
 j - a scroll of poison
 o - a scroll of fog
 p - 4 scrolls of teleportation
 q - a scroll of fear
 s - 2 scrolls of enchant armour
 u - a scroll of blinking
 B - a scroll of amnesia
 C - a scroll of noise {unknown}
 G - a scroll of revelation
Potions
 a - a potion of lignification
 e - a potion of ambrosia
 f - 2 potions of berserk rage {unknown}
 g - 2 potions of cancellation
 k - 4 potions of enlightenment
 r - 2 potions of mutation
 A - a potion of haste
 E - a potion of heal wounds
 H - 2 potions of attraction {unknown}
 I - 2 potions of might {unknown}


   Skills:
 * Level 4.7 Fighting
 + Level 1.0 Polearms
 + Level 3.2 Throwing
 * Level 5.3 Dodging
 + Level 4.6 Stealth
 * Level 11.9 Unarmed Combat
 * Level 4.5 Evocations
 + Level 3.9 Shapeshifting


You had 8 spell levels left.
You didn't know any spells.
Your spell library contained the following spells:

 Spells                   Type           Power      Damage    Failure   Level
 Sandblast                Erth           0%         2d4       32%         1
 Shock                    Conj/Air       0%         1d3       32%         1
 Passwall                 Erth           0%         N/A       69%         3
 Stone Arrow              Conj/Erth      0%         3d7       69%         3
 Swiftness                Air            0%         N/A       69%         3
 Airstrike                Air            0%         2d(0-16)  97%         4
 Brom's Barrelling Bould  Conj/Erth      0%         2d3       97%         4


Dungeon Overview and Level Annotations

Branches:
Dungeon (9/15)             Temple (1/1) D:7
   Lair: D:8-11         Orc: D:9-12

Altars:
Ashenzari
Cheibriados
Dithmenos
Elyvilon
Fedhas
Gozag
Hepliaklqana
Kikubaaqudgha
Makhleb
Nemelex Xobeh
Okawaru
Qazlal
Ru
Sif Muna
Trog
Uskayaw
Vehumet
Wu Jian
Xom
Yredelemnul
Zin
The Shining One

Shops:
D:3 ?   D:9 *


Innate Abilities, Weirdness & Mutations

You are a hulking beast.
Your limbs bulge with bestial killing power. (Slay +2)
You are immune to poison.
You cannot wear most types of armour.
You are amphibious.
You can wear up to eight rings at the same time.
Your skin changes colour to match your surroundings (Stealth+).
Your rubbery body absorbs attacks. (AC +1, EV +1)
((You are camouflaged when in or above water. (Stealth+)))
You have tentacles for arms and can constrict up to eight enemies at once.


Message History

Aim: a yak (70% to hit)
You throw a javelin. The javelin completely misses the yak.
The javelin closely misses the basilisk.
The yak bellows!
The javelin pierces through the wyvern!
The wyvern is moderately wounded.
The javelin pierces through the yak!
The yak is moderately wounded.
The javelin closely misses the yak.
The yak misses you. The yak barely misses you. The basilisk gazes at you.
You resist with almost no effort.
Throw: javelin
Press: ? - help, Q - select action, (/) - cycle Shift-Dir - straight line, f - basilisk
Aim: a basilisk (heavily wounded, umbra, 51% to hit)
You throw a javelin. The javelin closely misses the yak.
The javelin pierces through the basilisk.
The basilisk is severely wounded.
A nearby plant withers and dies.
The yak gores you! The basilisk gazes at you.
You are slowing down.
The yak gores you.
Your limbs are stiffening.
You have turned to stone.
The yak gores you! The wyvern barely misses you. The yak gores you!
The wyvern bites you. The yak gores you! The wyvern bites you!
The wyvern barely misses you. The yak barely misses you. The wyvern bites you!
The yak gores you! The wyvern barely misses you. The wyvern bites you!!
* * * LOW HITPOINT WARNING * * *
The yak gores you.
* * * LOW HITPOINT WARNING * * *
The wyvern bites you!
* * * LOW HITPOINT WARNING * * *
The yak gores you.
* * * LOW HITPOINT WARNING * * *
The wyvern bites you!
* * * LOW HITPOINT WARNING * * *
The wyvern bites you!
You die...

#........# #<.....#
##........# #†###..#
..........# ####.#÷#..#
#........#######.###..#
##...........##÷#......#
#.........##..###.∩.####
#.#####.#####.......#÷#+
#.# #######.#### #h##
##÷#.#### #Yk# ####.#
##l# #.....


..PYYk.YY.# #...... (.......#.# #......# (....($.#.# #.....>+ (....#### # ....#
..## You could see 3 yaks, a basilisk and a wyvern.

Vanquished Creatures
  Joseph (D:8)
  Psyche (D:8)
  2 yaks (D:8)
  A steam dragon (D:8)
  Edmund (D:4)
  2 water moccasins
  An ice beast (D:8)
  2 black bears (D:6)
  2 centaurs
  An ogre (D:5)
  2 kobold brigands
  A bullfrog (D:6)
  A gnoll sergeant (D:7)
  A scorpion (D:7)
  7 howler monkeys
  3 bombardier beetles
  A jelly (D:5)
  A hound (D:5)
  4 orc priests
  2 sleepcaps
  Terence (D:2)
  Jessica (D:2)
  A gnoll bouda (D:8)
  4 gnolls (D:7)
  5 adders
  A shadow imp (D:5)
  2 white imps (D:8)
  2 ufetubi (D:5)
  4 ribbon worms
  4 dart slugs
  30 orcs
  6 ball pythons
  7 bats
  6 endoplasms
  10 goblins
  7 hobgoblins
  3 quokkas
  3 frilled lizards
  12 kobolds
  8 rats
154 creatures vanquished.

Notes
Turn   | Place    | Note
-------+----------+-------------------------------------------
     0 | D:1      | Dorkslayer the Octopode Shapeshifter began the quest for
                  | the Orb.
     0 | D:1      | Reached XP level 1. HP: 13/13 MP: 1/1
    55 | D:1      | Reached XP level 2. HP: 11/18 MP: 2/2
   662 | D:1      | Reached XP level 3. HP: 22/23 MP: 3/3
   892 | D:2      | Noticed Terence
   901 | D:2      | Killed Terence
   902 | D:2      | Reached skill level 1 in Stealth
   902 | D:2      | Reached skill level 4 in Unarmed Combat
  1036 | D:2      | Reached XP level 4. HP: 28/28 MP: 4/4
  1249 | D:2      | Noticed Jessica
  1254 | D:2      | Killed Jessica
  2097 | D:3      | Found an opulent altar of Gozag.
  2102 | D:3      | Found Uphitwoi's Magic Scroll Shoppe.
  2129 | D:3      | Bought a scroll of teleportation for 30 gold pieces
  2129 | D:3      | Bought a scroll of fear for 40 gold pieces
  2129 | D:3      | Bought a scroll of identify for 20 gold pieces
  2129 | D:3      | Bought a scroll of identify for 20 gold pieces
  2129 | D:3      | Bought a scroll of enchant armour for 75 gold pieces
  2144 | D:3      | Reached XP level 5. HP: 30/34 MP: 5/5
  2456 | D:4      | Found a burning altar of Makhleb.
  2460 | D:4      | Reached skill level 5 in Unarmed Combat
  2668 | D:4      | Noticed Edmund
  2682 | D:4      | HP: 1/34 [Edmund/+1 dire flail of protection (13)]
  2683 | D:4      | Killed Edmund
  2684 | D:4      | Reached skill level 1 in Throwing
  2684 | D:4      | Reached skill level 1 in Evocations
  2684 | D:4      | Reached XP level 6. HP: 2/39 MP: 2/6
  3375 | D:4      | Reached XP level 7. HP: 40/45 MP: 7/7
  3678 | D:5      | Entered Level 5 of the Dungeon
  3679 | D:5      | Identified a scroll of acquirement
  3679 | D:5      | Acquired a manual of Unarmed Combat
  3869 | D:5      | Reached skill level 6 in Unarmed Combat
  3926 | D:5      | Reached skill level 1 in Polearms
  3959 | D:5      | Identified the amulet "Mufofaast" {-Tele rF+ Regen+ SInv}
  4056 | D:5      | Found a shadowy altar of Dithmenos.
  4093 | D:5      | Became a worshipper of Dithmenos the Shadowed
  4231 | D:5      | Found a hazy altar of Hepliaklqana.
  4674 | D:6      | Reached skill level 7 in Unarmed Combat
  4674 | D:6      | Reached XP level 8. HP: 40/52 MP: 8/8
  5074 | D:6      | Reached skill level 8 in Unarmed Combat
  5207 | D:7      | Reached * piety under Dithmenos
  5328 | D:7      | Reached skill level 9 in Unarmed Combat
  5450 | D:7      | Found an ornate altar of the Wu Jian Council.
  5522 | D:7      | Found a staircase to the Ecumenical Temple.
  5539 | Temple   | Entered the Ecumenical Temple
  5595 | D:7      | Reached XP level 9. HP: 58/58 MP: 9/9
  5623 | D:7      | Found a white marble altar of Elyvilon.
  5697 | D:8      | Reached skill level 10 in Unarmed Combat
  5852 | D:8      | Identified the +6 dagger "Ytziweic" {flame, rN+++}
  5898 | D:8      | Noticed Psyche
  5900 | D:8      | Noticed Joseph
  5929 | D:8      | Killed Psyche
  5930 | D:8      | Reached skill level 5 in Dodging
  5958 | D:8      | Reached skill level 11 in Unarmed Combat
  6008 | D:8      | Killed Joseph
  6158 | D:8      | Found a radiant altar of Vehumet.
  6222 | D:9      | Found Jaqemax's Assorted Antiques.
  6236 | D:9      | Bought 2 murky clear potions for 68 gold pieces
  6236 | D:9      | Bought an orange potion for 34 gold pieces
  6236 | D:9      | Bought a curved bone wand for 152 gold pieces
  6259 | D:9      | Found a snail-covered altar of Cheibriados.
  6261 | D:9      | Found a sparkling altar of Nemelex Xobeh.
  6342 | D:9      | Noticed an elephant
  6358 | D:9      | Slain by a wyvern

Illustrated notes

Levels and vault maps discovered:
D:1:      dpeg_arrival_refuge, layout_loops_corners, minmay_tromino_i4
D:2:      layout_basic, uniq_jessica, uniq_terence
D:3:      minmay_inner_zag, layout_basic, nicolae_gozag_seed_capital,
          serial_shops, nicolae_shop_tiny_glass
D:4:      layout_loops_ring, bloody_makhleb, uniq_edmund
D:5:      layout_basic, nicolae_dithmenos_through_a_glass_darkly,
          nicolae_hepliaklqana_hazy_memory
D:6:      layout_rooms
D:7:      layout_rooms, elyvilon_altar_3, nzn_wu_jian_contemplation,
          minmay_temple_entry_hall
D:8:      layout_rooms, fiery_altar_vehumet, dreamdust_gnoll_shepherd,
          uniq_joseph, uniq_psyche
D:9:      layout_roguey, mainiacjoe_overflow_catwalk_spiral, david_lair_generic,
          hiddenorc1_lemuel, serial_shops, nicolae_shop_gibbet_a_chance,
          library_closet
Temple:   cyrus_circular_temple

Skill      XL: |  1  2  3  4  5  6  7  8  9 |
---------------+----------------------------+-----
Stealth        | 1 2 3 4 |  4.6
Unarmed Combat | 4 5 7 9 11 | 11.9
Fighting       | 2 3 4 |  4.7
Throwing       | 1 2 3 |  3.2
Dodging        | 3 4 5 |  5.3
Evocations     | 1 2 3 4 |  4.5
Polearms       | 1 |  1.0
Shapeshifting  | |  3.9

Action                     |  1- 3 |  4- 6 |  7- 9 || total
---------------------------+-------+-------+-------++-------
  Melee: Unarmed           |    46 |   104 |   158 ||   308
         Constrict         |    11 |    24 |    38 ||    73
         Tentacles         |     8 |    18 |    32 ||    58
         Punch             |     1 |     5 |    12 ||    18
         Trident           |       |     8 |       ||     8
  Throw: Dart              |       |    16 |    23 ||    39
         Javelin           |       |       |    19 ||    19
         Boomerang         |       |       |     3 ||     3
  Evoke: Wand              |       |       |    10 ||    10
    Use: Scroll            |       |    10 |     7 ||    17
         Potion            |       |       |     3 ||     3
   Stab: Sleeping          |     7 |     7 |     5 ||    19
 Armour: Skin              |    13 |    41 |    89 ||   143
  Dodge: Dodged            |    22 |    63 |   115 ||   200

Table legend: (Time is in decaauts)
 A = Elapsed time spent in this place.
 B = Non-inter-level travel time spent in this place.
 C = Inter-level travel time spent in this place.
 D = Time resting spent in this place.
 E = Time spent auto-exploring this place.
 F = Levels seen in this place.
 G = Mean time per level.
                   A        B        C        D        E       F      G
               +--------+--------+--------+--------+--------+-----+--------+
         Total |   6351 |   6351 |      0 |    621 |   3628 |  10 |  635.1 |
       Dungeon |   6349 |   6349 |      0 |    621 |   3628 |   9 |  705.4 |
        Temple |      1 |      1 |      0 |      0 |      0 |   1 |    1.0 |
               +--------+--------+--------+--------+--------+-----+--------+

Top non-repeatable levels by time:
     D:4: 1095 daAuts
     D:2: 1046 daAuts
     D:5: 973 daAuts
     D:1: 833 daAuts
     D:3: 692 daAuts
     D:8: 531 daAuts
     D:7: 522 daAuts
     D:6: 517 daAuts
     D:9: 136 daAuts
  Temple: 1 daAuts
